 Dungeon Crawl Stone Soup version 0.16.1-28-gcc2312f (webtiles) character file.

217 Kidiri the Firebug (level 5, -1/40 HPs)
             Began as a Draconian Fire Elementalist on May 28, 2015.
             Slain by Prince Ribbit (4 damage)
             ... on level 4 of the Dungeon.
             The game lasted 00:23:31 (4113 turns).

Kidiri the Firebug (Draconian Fire Elementalist)    Turns: 4113, Time: 00:23:31

Health: -1/40      AC:  5    Str: 11    XL:     5   Next: 61%
Magic:  8/10       EV: 12    Int: 16    God:
Gold:   148        SH:  0    Dex: 11    Spells: 4 memorised, 0 levels left

rFire  . . .     SeeInvis .     u - +2 long sword (elec)
rCold  . . .     Clarity  .     (armour unavailable)
rNeg   + . .     SustAb   .     (no shield)
rPois  .         Gourm    .     (helmet restricted)
rElec  .         Spirit   .     (no cloak)
rCorr  .         Warding  .     (no gloves)
rMut   .         Stasis   .     (no boots)
MR     .....                    (no amulet)
Stlth  ++........               (no ring)
                                r - ring of positive energy

@: not resistant to hostile enchantments, unstealthy
A: unfitting armour, cold-blooded, AC +5
a: no special abilities


You were on level 4 of the Dungeon.
You were not hungry.

You visited 1 branch of the dungeon, and saw 4 of its levels.

You collected 148 gold pieces.

Inventory:

Hand weapons
 i - a +0 dagger (quivered)
 n - a +0 short sword
 p - a +0 dagger
 s - a +0 spear
 u - a +2 long sword of electrocution (weapon)
Jewellery
 r - a ring of positive energy (left hand)
Scrolls
 e - a scroll of identify
 f - a scroll of blinking {unknown}
 g - 3 scrolls of teleportation
 l - a scroll of amnesia {unknown}
Potions
 a - a potion of restore abilities
 d - a potion of might
 h - a potion of haste {unknown}
 j - a potion of agility {unknown}
 k - a potion of lignification {unknown}
 o - a potion of berserk rage {unknown}
 t - a potion of heal wounds {unknown}
Books
 b - a book of Flames

   Spells                             Type                      Level
   a - Flame Tongue                   Conjuration/Fire             1
   b - Throw Flame                    Conjuration/Fire             2
   c - Conjure Flame                  Conjuration/Fire             3
   d - Inner Flame                    Hexes/Fire                   3
   e - Sticky Flame                   Conjuration/Fire             4
   f - Fireball                       Conjuration/Fire             5
Comestibles
 c - 5 bread rations
 q - 2 meat rations


   Skills:
 + Level 1.5 Fighting
 - Level 1.2 Short Blades
 + Level 0.4(0.9) Long Blades
 + Level 2.2 Dodging
 + Level 2.5 Stealth
 * Level 2.9 Spellcasting
 * Level 2.7 Conjurations
 * Level 3.8 Fire Magic


You couldn't memorise any spells.
You knew the following spells:

 Your Spells              Type           Power        Failure   Level  Hunger
a - Flame Tongue          Conj/Fire      ##...        6%          1    #......
b - Throw Flame           Conj/Fire      ##....       10%         2    ##.....
c - Conjure Flame         Conj/Fire      ##......     14%         3    ###....
d - Inner Flame           Hex/Fire       #.......     28%         3    ###....


Dungeon Overview and Level Annotations

Branches:
Dungeon (4/15)
 Temple: D:4-7

Altars:

Annotations:
D:4 Prince Ribbit


Innate Abilities, Weirdness & Mutations

Your plain brown scales are hard (AC +5).
Your body does not fit into most forms of armour.
Your cold-blooded metabolism reacts poorly to cold.


Message History

Prince Ribbit hits you!
* * * LOW HITPOINT WARNING * * *
Drink which item? (? for menu, Esc to quit)
You feel better. Prince Ribbit hits you!
* * * LOW HITPOINT WARNING * * *
Prince Ribbit hits you.
* * * LOW HITPOINT WARNING * * *
Prince Ribbit croaks regally.
Prince Ribbit barely misses you.
An adder comes into view.
Prince Ribbit blinks!
Prince Ribbit momentarily phases out as your attack passes through him.
You tail-slap Prince Ribbit.
Prince Ribbit is moderately wounded.
Prince Ribbit barely misses you.
Prince Ribbit hits you but does no damage.
Prince Ribbit hits you.
* * * LOW HITPOINT WARNING * * *
Prince Ribbit hits you.
You die...

. ..# # ###..#
. ..... ## #.
#.... #. ###.
#.#.# ..
.....#.#.######
#..#.#........
#...F@.....####
#..#O#####.#..
# #.# ###.#.#
#.# #.#
#.....## # #..
#.###.##O..##.#
###
#.....##......#
##
#####.#....####
#. #.........#
#. ###.#.###.#
#.


You could see Prince Ribbit and an ogre.

Vanquished Creatures
  A scorpion (D:4)
  A centaur skeleton (D:3)
  3 gnolls (D:3)
  4 adders
  A worm (D:3)
  4 giant geckos
  An ooze (D:1)
  4 orcs (D:3)
  2 ball pythons
  4 hobgoblins
  8 jackals
  5 bats
  A giant cockroach (D:2)
  4 giant newts
  6 goblins
  5 kobolds
  11 rats
65 creatures vanquished.

Notes
Turn   | Place    | Note
--------------------------------------------------------------
     0 | D:1      | Kidiri, the Draconian Fire Elementalist, began the quest for the Orb.
     0 | D:1      | Reached XP level 1. HP: 14/14 MP: 3/3
   481 | D:1      | Reached XP level 2. HP: 7/20 MP: 4/4
   516 | D:1      | Learned a level 2 spell: Throw Flame
  1549 | D:2      | Reached XP level 3. HP: 27/27 MP: 4/6
  1567 | D:2      | Learned a level 3 spell: Conjure Flame
  2283 | D:2      | Reached skill level 1 in Fighting
  2283 | D:2      | Reached XP level 4. HP: 13/35 MP: 0/8
  2525 | D:3      | Reached skill level 1 in Short Blades
  3091 | D:3      | Reached XP level 5. HP: 33/40 MP: 0/9
  3096 | D:3      | Learned a level 3 spell: Inner Flame
  4094 | D:4      | Noticed Prince Ribbit
  4097 | D:4      | Noticed an ogre
  4113 | D:4      | Slain by Prince Ribbit

Action                   |  1- 3 |  4- 6 || total
-------------------------+-------+-------++-------
Melee: Dagger            |    62 |       ||    62
       Unarmed           |     6 |       ||     6
       Whip              |     3 |       ||     3
       Short sword       |    17 |     9 ||    26
       Long sword        |       |     7 ||     7
 Cast: Flame Tongue      |    43 |    50 ||    93
       Throw Flame       |     4 |     9 ||    13
       Conjure Flame     |       |     4 ||     4
  Use: Scroll            |     4 |     1 ||     5
       Potion            |       |     3 ||     3
 Stab: Sleeping          |     1 |     1 ||     2
  Eat: Chunk             |     4 |     3 ||     7
       Beef jerky        |       |     1 ||     1
       Meat ration       |       |     1 ||     1
